 Dungeon Crawl Stone Soup version 0.20.0-15-g7f486f2 (webtiles) character file.

284 Reinor the Ducker (level 6, -6/28 HPs)
             Began as a Spriggan Earth Elementalist on June 11, 2017.
             Killed from afar by Reinor's ghost (18 damage)
             ... with a stone arrow
             ... on level 4 of the Dungeon.
             The game lasted 00:12:00 (3892 turns).

Reinor the Ducker (Spriggan Earth Elementalist)     Turns: 3892, Time: 00:12:01

Health: -6/28      AC:  2    Str:  4    XL:     6   Next: 7%
Magic:  14/15      EV: 21    Int: 21    God:
Gold:   130        SH:  0    Dex: 17    Spells: 5/15 levels left

rFire    . . .     SeeInvis +   l - -3 rapier (curse)
rCold    . . .     Gourm    .   (shield restricted)
rNeg     . . .     Faith    .   c - +0 robe
rPois    .         Spirit   .   (helmet restricted)
rElec    .         Reflect  .   (no cloak)
rCorr    .         Harm     .   (gloves unavailable)
MR       +....                  (boots unavailable)
Stlth    ++........             (no amulet)
Regen    0.1/turn               i - +3 ring of intelligence
MPRegen  0.2/turn               q - ring of flight

@: very quick
A: unfitting armour, see invisible, herbivore 3, speed 3, slow metabolism 2
a: Evoke Flight


You were on level 4 of the Dungeon.
You were very hungry.

You visited 1 branch of the dungeon, and saw 4 of its levels.

You collected 130 gold pieces.

Inventory:

Hand Weapons
 k - a +1 short sword of protection
 l - a cursed -3 rapier (weapon)
 p - a +0 blowgun
Missiles
 b - 21 stones (quivered)
 o - 12 poisoned needles
Armour
 c - a +0 robe (worn)
Jewellery
 i - a +3 ring of intelligence (left hand)
 q - a ring of flight (right hand)
Wands
 m - a wand of iceblast (7/15)
Scrolls
 f - a scroll of identify
 j - 2 scrolls of teleportation
Potions
 a - a potion of lignification {unknown}
 g - 2 potions of haste
 h - a potion of brilliance {unknown}
Books
 e - a book of Geomancy

   Spells                             Type                      Level
   a - Sandblast                      Earth                        1
   b - Passwall                       Transmutation/Earth          2
   c - Stone Arrow                    Conjuration/Earth            3
   d - Petrify                        Transmutation/Earth          4
   e - Lee's Rapid Deconstruction     Earth                        5
Comestibles
 d - 3 bread rations
 n - a royal jelly


   Skills:
 + Level 5.5 Dodging
 - Level 3.0 Stealth
 + Level 5.4 Spellcasting
 - Level 1.3 Transmutations
 + Level 4.0 Earth Magic


You had 5 spell levels left.
You knew the following spells:

 Your Spells              Type           Power        Failure   Level  Hunger
a - Sandblast             Erth           ###...       1%          1    None
b - Passwall              Tmut/Erth      ###.......   4%          2    None
c - Stone Arrow           Conj/Erth      ##....       14%         3    ##.....
d - Petrify               Tmut/Erth      ###.....     32%         4    ####...


Dungeon Overview and Level Annotations

Branches:
Dungeon (4/15)
 Temple: D:4-7

Altars:

Annotations:
D:4 Reinor's ghost, amateur SpEE


Innate Abilities, Weirdness & Mutations

You are very small and have problems with some larger weapons.
You are too small for most types of armour.
You have supernaturally acute eyesight. (SInv)
You are a herbivore.
You cover ground extremely quickly.
You need consume almost no food.


Message History

Found 2 tomahawks.
The orc shouts!
The orc throws a tomahawk.
The tomahawk hits you.
You see here a tomahawk.
Casting: Sandblast
Confirm with . or Enter, or press ? or * to list all spells.
Aiming: Sandblast
Press: ? - help, Shift-Dir - straight line, f - Reinor's ghost
Aim: Reinor's ghost, wielding a weapon of freezing (hasn't noticed you)
The blast of sand hits Reinor's ghost.
Reinor's ghost is moderately damaged.
Reinor's ghost turns its malevolent gaze towards you.
b - 21 stones Reinor's ghost casts a spell at you.
The stone arrow misses you.
The orc throws a tomahawk.
The tomahawk barely misses you. Reinor's ghost casts a spell at you.
The stone arrow hits you!
Ouch! That really hurt!
You die...

...o.................
..........!..........
....................
...................
..(............###
.................#
.......(.......#.#
..............## #
.....W<..@...###.#.#
.....(......## #.#.#
...........## #.#.#
##....####†## #.#.#
#.... #..# #.#.#
##### ##.# #.#.#
#.####.#.###
#.......[..+
##..##.#.###


You could see Reinor's ghost.

Vanquished Creatures
  An ogre (D:3)
  A centaur skeleton (D:4)
  4 gnolls (D:3)
  3 adders
  An ooze (D:2)
  An adder skeleton (D:4)
  3 dart slugs
  7 leopard geckos
  4 orcs (D:3)
  2 ball pythons (D:2)
  3 giant cockroaches
  7 goblins
  9 hobgoblins
  6 jackals (D:1)
  9 kobolds
  3 quokkas
  A ball python skeleton (D:4)
  10 bats
  3 frilled lizards
  A leopard gecko skeleton (D:4)
  8 rats
87 creatures vanquished.

Vanquished Creatures (others)
  A plant (D:3)
1 creature vanquished.

Grand Total: 88 creatures vanquished

Notes
Turn   | Place    | Note
-------+----------+-------------------------------------------
     0 | D:1      | Reinor the Spriggan Earth Elementalist began the quest for the Orb.
     0 | D:1      | Reached XP level 1. HP: 9/9 MP: 5/5
   105 | D:1      | Reached XP level 2. HP: 13/13 MP: 2/7
  1028 | D:1      | Reached XP level 3. HP: 14/16 MP: 2/9
  1134 | D:1      | Learned a level 2 spell: Passwall
  1138 | D:1      | Learned a level 3 spell: Stone Arrow
  1902 | D:2      | Reached XP level 4. HP: 13/21 MP: 6/11
  1913 | D:2      | Learned a level 4 spell: Petrify
  2591 | D:3      | Noticed an ogre
  2619 | D:3      | Killed an ogre
  2619 | D:3      | Reached skill level 5 in Spellcasting
  2619 | D:3      | Reached XP level 5. HP: 24/24 MP: 8/13
  2951 | D:3      | Reached skill level 5 in Dodging
  3848 | D:4      | Reached XP level 6. HP: 15/28 MP: 12/15
  3885 | D:4      | Noticed Reinor's ghost (amateur SpEE)
  3892 | D:4      | Killed from afar by Reinor's ghost

Skill      XL: |  1  2  3  4  5 |
---------------+----------------+-----
Spellcasting   | 3 4 5 |  5.4
Earth Magic    | 3 4 |  4.0
Dodging        | 4 5 |  5.5
Stealth        | |  3.0
Transmutations | |  1.3

Action                   |  1- 3 |  4- 6 || total
-------------------------+-------+-------++-------
Melee: Unarmed           |    23 |       ||    23
       Dagger            |   111 |    14 ||   125
       Short sword       |       |    55 ||    55
       Rapier            |       |    46 ||    46
 Cast: Sandblast         |    41 |    52 ||    93
       Passwall          |     1 |     1 ||     2
  Use: Scroll            |     2 |       ||     2
 Stab: Sleeping          |     2 |     2 ||     4
Armor: Robe              |    26 |    16 ||    42
Dodge: Dodged            |   197 |   138 ||   335
